 Dungeon Crawl Stone Soup version 0.20-a0-303-g575bbf7 (console) character file.

152 utis the Chiller (level 5, 29/29 HPs)
             Began as a Deep Elf Ice Elementalist on Dec 16, 2016.
             Quit the game on level 3 of the Dungeon.
             The game lasted 00:08:40 (3011 turns).

utis the Chiller (Deep Elf Ice Elementalist)        Turns: 3011, Time: 00:08:40

Health: 29/29      AC:  2    Str:  6    XL:     5   Next: 11%
Magic:  11/11      EV: 14    Int: 20    God:
Gold:   85         SH:  0    Dex: 15    Spells: 4/10 levels left

rFire  . . .     SeeInvis .     t - +0 hunting sling
rCold  . . .     Gourm    .     a - +0 robe
rNeg   . . .     Faith    .     (no shield)
rPois  .         Spirit   .     (no helmet)
rElec  .         Reflect  .     (no cloak)
rCorr  .         Harm     .     (no gloves)
MR     .....                    (no boots)
Stlth  ++........               (no amulet)
                                (no ring)
                                (no ring)

@: no status effects
A: no striking features
a: no special abilities


You were on level 3 of the Dungeon.
You were not hungry.

You visited 1 branch of the dungeon, and saw 3 of its levels.

You collected 85 gold pieces.

Inventory:

Hand Weapons
 d - a cursed -2 club
 f - a +1 dagger of holy wrath
 q - a +0 short sword of freezing
 s - a +0 short sword
 t - a +0 hunting sling (weapon)
Missiles
 e - 15 sling bullets
 j - 102 bolts
 p - 35 arrows
 r - 13 stones (quivered)
 x - 6 poisoned needles
Armour
 a - a +0 robe (worn)
Jewellery
 w - a +2 ring of evasion {unknown}
Scrolls
 g - a scroll of random uselessness {unknown}
 k - 6 scrolls of identify {unknown}
 m - a scroll of remove curse {unknown}
 n - a scroll of fog {unknown}
 v - a scroll of teleportation {unknown}
Potions
 i - a potion of flight {unknown}
 o - a potion of lignification {unknown}
Books
 b - a book of Frost

   Spells                             Type                      Level
   a - Freeze                         Ice                          1
   b - Throw Frost                    Conjuration/Ice              2
   c - Ozocubu's Armour               Charms/Ice                   3
   d - Throw Icicle                   Conjuration/Ice              4
   e - Summon Ice Beast               Ice/Summoning                4
Comestibles
 c - 4 bread rations {@e1}
 h - a meat ration {@e1}
 l - a royal jelly {@e3}
 u - 2 fruits {@e2}


   Skills:
 + Level 1.3 Fighting
 * Level 4.0 Dodging
 - Level 2.4 Stealth
 - Level 3.0 Spellcasting
 - Level 1.1 Conjurations
 - Level 5.2 Ice Magic


You had 4 spell levels left.
You knew the following spells:

 Your Spells              Type           Power        Failure   Level  Hunger
a - Freeze                Ice            ###.         1%          1    None
c - Throw Frost           Conj/Ice       ###...       10%         2    ##.....
o - Ozocubu's Armour      Chrm/Ice       ##......     17%         3    ###....


Dungeon Overview and Level Annotations

Branches:
Dungeon (3/15)

Altars:


Message History

You feel sick.
You feel sick.
x - 2 poisoned needles (gained 1)
You feel sick.
You feel sick.
x - 6 poisoned needles (gained 4)
There is a stone staircase leading up, spattered with blood here.
You start resting.
You feel sick. x4
Your icy armour starts to melt.
You start resting.
You feel sick.
You are no longer poisoned.
You start resting.
Your icy armour evaporates.
You start resting.
Magic restored.
You start resting.
HP restored.
Unknown command.
Are you sure you want to abandon this character and quit the game? (Confirm with "yes".)

...░ ░..░
....░... ....
........ ░..░
░...░.░ ░..░
░..... ░..░ ░....
░..░ ░..░
░░░░░░░e░░░..░
░░..........).░
..............░.░
..............░.░
.░.░░.░░░░░.░░..░
░ ░. ...░ ░....
░░ ░░░░░ .░░. ...
.░ ░░ .░


There were no monsters in sight!

Vanquished Creatures
  The ghost of Havercy the Poker, an amateur DsGl (D:3)
  An adder (D:2)
  2 oozes (D:2)
  A worm (D:2)
  A dart slug (D:2)
  10 bats (D:2)
  2 giant cockroaches (D:2)
  5 goblins
  9 hobgoblins
  3 jackals (D:1)
  A quokka (D:2)
  3 frilled lizards (D:2)
  5 kobolds
  5 rats
49 creatures vanquished.

Notes
Turn   | Place    | Note
-------+----------+-------------------------------------------
     0 | D:1      | utis the Deep Elf Ice Elementalist began the quest for the Orb.
     0 | D:1      | Reached XP level 1. HP: 10/10 MP: 6/6
   553 | D:1      | Reached XP level 2. HP: 11/15 MP: 2/8
   624 | D:1      | Reached skill level 4 in Ice Magic
  1176 | D:1      | Learned a level 2 spell: Throw Frost
  1399 | D:2      | Reached XP level 3. HP: 14/19 MP: 4/9
  1734 | D:2      | Reached skill level 5 in Ice Magic
  2366 | D:2      | Reached XP level 4. HP: 23/24 MP: 8/10
  2516 | D:3      | Noticed Havercy's ghost (amateur DsGl)
  2678 | D:2      | Learned a level 3 spell: Ozocubu's Armour
  2747 | D:3      | Killed Havercy's ghost
  2747 | D:3      | Reached skill level 1 in Fighting
  2747 | D:3      | Reached XP level 5. HP: 26/29 MP: 2/11
  3011 | D:3      | Quit the game

Vault maps used:
D:1:      dpeg_arrival_short_road, dk_noncrumbling_4
D:2:      minmay_goblin_kobold_house
D:3:      serial_co_window_serial, co_window_paths_a, co_window_paths_a,
          co_window_paths_a, co_window_cross_1, co_window_paths_a,
          co_window_corner_b, co_window_2corner, co_window_broadway_a,
          co_window_2corner, co_window_4corner_a, co_window_sun,
          glass_columns_a, glass_columns_b, glass_columns_a, glass_columns_b,
          glass_columns_c

Skill      XL: |  1  2  3  4 |
---------------+-------------+-----
Ice Magic      | 4 5 |  5.2
Fighting       | 1 |  1.3
Dodging        | 4 |  4.0
Stealth        | |  2.4
Spellcasting   | |  3.0
Conjurations   | |  1.1

Action                   |  1- 3 |  4- 6 || total
-------------------------+-------+-------++-------
 Fire: Hunting sling     |    10 |     9 ||    19
 Cast: Freeze            |    67 |    11 ||    78
       Throw Frost       |     2 |       ||     2
       Ozocubu's Armour  |       |     1 ||     1
  Eat: Chunk             |     4 |     2 ||     6
Armor: Robe              |     5 |     3 ||     8
Dodge: Dodged            |    33 |     8 ||    41
